 Dungeon Crawl Stone Soup version 0.30-a0-847-g17996783a1 (webtiles) character file.

Game seed: 5052403719139076130

11 holysushi the Cutter (level 2, 22/24 HPs)
             Began as a Demonspawn Monk on Mar 4, 2023.
             Quit the game on level 1 of the Dungeon.
             The game lasted 00:01:51 (232 turns).

holysushi the Cutter (Demonspawn Monk)               Turns: 232, Time: 00:01:52

Health: 22/24      AC:  2    Str: 11    XL:     2   Next: 13%
Magic:  2/2        EV: 12    Int: 13    God:
Gold:   22         SH:  0    Dex: 15    Spells: 1/1 levels left

rFire   . . .      SeeInvis .    a - +0 rapier
rCold   . . .      Faith    .    (no shield)
rNeg    . . .      Spirit   .    b - +0 robe
rPois   .          Reflect  .    (no helmet)
rElec   .          Rampage  .    (no cloak)
rCorr   .                        (no gloves)
Will    .....                    (no boots)
Stlth   ++                       (no amulet)
HPRegen 0.24/turn                (no ring)
MPRegen 0.08/turn                (no ring)

@: no status effects
A: big brain 1
a: no special abilities


You were on level 1 of the Dungeon.
You visited 1 branch of the dungeon, and saw 1 of its levels.

You collected 22 gold pieces.

Inventory:

Hand Weapons
 a - a +0 rapier (weapon)
 e - a +0 short sword
Armour
 b - a +0 robe (worn)
Scrolls
 f - a scroll of identify {unknown}
Potions
 c - a potion of ambrosia
 d - a potion of mutation {unknown}


   Skills:
 - Level 3.0 Fighting
 + Level 3.3 Short Blades
 - Level 2.6 Dodging
 - Level 1.7 Stealth


You had one spell level left.
You didn't know any spells.
Your spell library was empty.

Dungeon Overview and Level Annotations

Branches:
Dungeon (1/15) Zot: 5768

Altars:


Innate Abilities, Weirdness & Mutations

You have an unusually large brain. (Int +2)


Message History

No target in view!
A kobold and a goblin come into view.
There are monsters nearby!
There are monsters nearby!
There are monsters nearby!
There are monsters nearby!
A kobold comes into view. It is wielding a +0 short sword.
You closely miss the goblin.
The kobold shouts! x2; You hear an angry hiss.
The goblin barely misses you.
You hit the goblin.
The goblin is moderately wounded.
The goblin barely misses you.
You closely miss the goblin.
The goblin is moderately wounded.
The goblin hits you but does no damage.
A frilled lizard comes into view.
You miss the goblin.
The goblin is moderately wounded.
The kobold closely misses you. The goblin misses you.
You hit the goblin.
The goblin is heavily wounded.
The kobold barely misses you. The goblin hits you with a +0 dagger.
A quokka comes into view.
A dart slug comes into view.
The goblin attacks as you move away! The goblin barely misses you.
Found a yellow potion.
The kobold attacks as you move away! The kobold completely misses you.
The kobold attacks as you move away!
The kobold hits you with a +0 short sword.
You hit the kobold.
You kill the kobold!
You have reached level 2!
Your demonic ancestry asserts itself...
Your brain expands.
You puncture the goblin!
You kill the goblin!
You hit the kobold.
You kill the kobold!
The frilled lizard unfolds its giant frill.
Are you sure you want to abandon this character and quit the game? (Confirm with "yes".)

.. #..##.##...
#..###...##..#.##
#.##....###...#
#....#.###...##
.....#.# #...###
.###.#.# #.#....
##!###...###.####.
#..##...#....# ##
#@##..#.#.####
#)#..##.#.# ##
#l#.#####.### ##.
#r..# #...####..
#..## ##......^#
...####.####..####.
#...#
#.......##....
....##
...##........#
.....
......######.#


You could see a quokka and a frilled lizard.

Vanquished Creatures
  2 goblins (D:1)
  2 hobgoblins (D:1)
  A ball python (D:1)
  3 kobolds (D:1)
  3 rats (D:1)
11 creatures vanquished.

Notes
Turn   | Place    | Note
-------+----------+-------------------------------------------
     0 | D:1      | holysushi the Demonspawn Monk began the quest for the Orb.
     0 | D:1      | Reached XP level 1. HP: 18/18 MP: 1/1
   230 | D:1      | Gained mutation: You have an unusually large brain. (Int
                  | +2) [demonic ancestry]
   230 | D:1      | Reached XP level 2. HP: 22/24 MP: 2/2
   232 | D:1      | Quit the game

Illustrated notes

Levels and vault maps discovered:
D:1:      sevenhm_arrival_forest_fort_large_2, layout_rooms,
          nrook_loot_triangle, minmay_quantized

Skill      XL: |  1 |
---------------+----+-----
Short Blades   | 3 |  3.3
Fighting       | |  3.0
Dodging        | |  2.6
Stealth        | |  1.7

Action                     || total
---------------------------++-------
  Melee: Rapier            ||    18
         Short sword       ||     9
   Stab: Sleeping          ||     2
 Armour: Robe              ||     2
  Dodge: Dodged            ||    14

Table legend: (Time is in decaauts)
 A = Elapsed time spent in this place.
 B = Non-inter-level travel time spent in this place.
 C = Inter-level travel time spent in this place.
 D = Time resting spent in this place.
 E = Time spent auto-exploring this place.
 F = Levels seen in this place.
 G = Mean time per level.
                   A        B        C        D        E       F      G
               +--------+--------+--------+--------+--------+-----+--------+
         Total |    231 |    231 |      0 |      0 |    108 |   1 |  231.0 |
       Dungeon |    231 |    231 |      0 |      0 |    108 |   1 |  231.0 |
               +--------+--------+--------+--------+--------+-----+--------+

Top non-repeatable levels by time:
     D:1: 231 daAuts
